 Dungeon Crawl Stone Soup version 0.32-a0-391-gce5c0aab1b (webtiles) character file.

Game seed: 15086215482538381096

2281 browni3141 the Cutter (level 8, -4/67 HPs)
             Began as a Demigod Enchanter on Feb 20, 2024.
             Slain by a manticore (18 damage)
             ... on level 6 of the Dungeon.
             The game lasted 00:14:14 (5580 turns).

browni3141 the Cutter (Demigod Enchanter)           Turns: 5580, Time: 00:14:15

Health: -4/67      AC:  7    Str:  9    XL:     8   Next: 95%
Magic:  14/17      EV: 14    Int: 17    God:
Gold:   532        SH:  0    Dex: 22    Spells: 10/15 levels left

rFire   . . .        i - +2 dagger (speed)
rCold   + . .        (no shield)
rNeg    . . .        b - +0 robe
rPois   .            (no helmet)
rElec   .            h - +0 cloak
rCorr   .            G - +0 pair of gloves
SInv    .            k - +2 pair of boots
Will    .....        m - amulet of magic regeneration
Stlth   +++          u - ring of protection from cold
HPRegen 0.31/turn    (no ring)
MPRegen 0.55/turn

%: no passive effects
@: very slightly contaminated, studying Unarmed Combat
A: high MP 1, forlorn, divine attributes
a: no special abilities


You were on level 6 of the Dungeon.
You visited 1 branch of the dungeon, and saw 6 of its levels.
You also visited: Sewer.

You collected 1169 gold pieces.
You spent 637 gold pieces at shops.

Inventory:

Hand Weapons
 a - a +1 dagger
 i - a +2 dagger of speed (weapon)
 y - a +0 rapier
Missiles
 r - 5 datura-tipped darts
 H - a throwing net
Armour
 b - a +0 robe (worn)
 h - a +0 cloak (worn)
 k - a +2 pair of boots (worn)
 G - a +0 pair of gloves (worn)
Jewellery
 m - an amulet of magic regeneration (around neck)
 u - a ring of protection from cold (left hand)
Scrolls
 d - 2 scrolls of summoning
 e - a scroll of fog
 g - a scroll of silence
 l - a scroll of torment
 q - 2 scrolls of fear
 s - a scroll of revelation
 t - 4 scrolls of teleportation
 v - a scroll of poison
 x - a scroll of immolation {unknown}
 z - a scroll of vulnerability {unknown}
 A - 4 scrolls of identify
 C - a scroll of noise {unknown}
Potions
 c - 3 potions of invisibility
 f - 3 potions of curing
 j - a potion of attraction
 n - 2 potions of mutation
 o - 3 potions of brilliance {unknown}
 p - 3 potions of heal wounds {unknown}
 w - a potion of lignification {unknown}
 B - a potion of degeneration {unknown}
 D - a potion of magic {unknown}
 E - 2 potions of cancellation {unknown}
 F - 2 potions of resistance {unknown}


   Skills:
 + Level 4.7 Fighting
 * Level 6.9 Short Blades
 - Level 4.0 Dodging
 - Level 5.0 Stealth
 - Level 4.0 Spellcasting
 - Level 4.0 Hexes


You had 10 spell levels left.
You knew the following spells:

 Your Spells              Type           Power      Damage    Failure   Level
a - Ensorcelled Hibernat  Hex/Ice        20%        N/A       11%         2
b - Confusing Touch       Hex            17%        N/A       9%          3

Your spell library contained the following spells:

 Spells                   Type           Power      Damage    Failure   Level
 Jinxbite                 Hex            34%        N/A       4%          2
 Tukima's Dance           Hex            17%        N/A       9%          3
 Apportation              Tloc           6%         N/A       16%         1
 Dazzling Flash           Conj/Hex       20%        N/A       21%         3
 Animate Dead             Necr           3%         N/A       83%         4
 Alistair's Intoxication  Alch           2%         N/A       99%         5
 Borgnjor's Vile Clutch   Necr/Erth      1%         N/A       99%         5
 Death Channel            Necr           1%         N/A       100%        6


Dungeon Overview and Level Annotations

Branches:
Dungeon (6/15)             Temple (0/1) D:5           Sewer (visited)

Shops:
D:3 *


Innate Abilities, Weirdness & Mutations

You have an increased reservoir of magic. (+10% MP)
You shall have no god before yourself.
Your divine heritage dramatically boosts your attributes as you level up.


Message History

The yak bellows!
The manticore misses you. The manticore claws you.
The manticore barely misses you.
Press: ? - help, v - describe, . - travel
Here: a manticore (almost dead, chance to confuse on hit: 32%)
The floor, spattered with blood.
You completely miss the yak. You hit the yak but do no damage.
The yak appears confused.
Casting: Confusing Touch (dangerous; 9% risk of failure)
Confirm with . or Enter, or press ? or * to list all spells.
You miscast Confusing Touch.
You are very lightly contaminated with residual magic.
Nothing appears to happen.
The manticore misses you. x2
The manticore closely misses you. The yak gores you.
You hit the manticore but do no damage.
The manticore is almost dead.
The yak closely misses you. The manticore bites you.
The manticore claws you but does no damage. x2
You hit the manticore but do no damage.
The manticore is almost dead.
You barely miss the manticore.
The manticore is almost dead.
The manticore barely misses you. The manticore claws you!
The manticore claws you but does no damage.
The yak misses you.
You barely miss the manticore.
The manticore is almost dead.
You hit the manticore but do no damage.
The manticore is almost dead.
You hit the manticore but do no damage.
The manticore is almost dead.
The manticore bites you!!
* * * LOW HITPOINT WARNING * * *
The manticore misses you. The manticore completely misses you.
You hit the manticore but do no damage.
The manticore is almost dead.
You hit the manticore but do no damage.
The manticore is almost dead.
The manticore bites you!!
You die...

#.###. ################## #
#..#.# #.)[#.....#.....#. .##
#....# #H)Y#.....#..)..#. ..##
#...# #@[.#.†#..#..#..#.
...###..# ###'###).#..#..#..#)
....##..# ###.#.....)#.....#....
........####...#......#.....#....
.........##....##################
....##...........................
...#####.........................
.### ##..######################
## #...# #.....#....


You could see a manticore and a yak (confused).

Vanquished Creatures
  Grinder (D:5)
  Eustachio (D:5)
  2 black bears
  3 phantoms
  A kobold brigand (D:6)
  Blork the orc (D:6)
  A bullfrog (D:5)
  A gnoll sergeant (D:6)
  3 scorpions
  A wight (D:6)
  A howler monkey (D:3)
  6 bombardier beetles
  A hound (D:4)
  6 jellies
  2 orc priests
  3 iguanas (D:6)
  An orc wizard (D:5)
  7 gnolls
  4 adders
  3 river rats (Sewer)
  A shadow imp (D:5)
  A white imp (D:6)
  5 dart slugs
  A ribbon worm (Sewer)
  26 orcs
  6 bats
  17 endoplasms
  7 giant cockroaches
  5 hobgoblins
  4 jackals (D:1)
  16 kobolds
  A quokka (D:2)
  9 ball pythons
  8 frilled lizards
  10 rats
166 creatures vanquished.

Vanquished Creatures (others)
  A butterfly (D:5)
1 creature vanquished.

Grand Total: 167 creatures vanquished

Notes
Turn   | Place    | Note
-------+----------+-------------------------------------------
     0 | D:1      | browni3141 the Demigod Enchanter began the quest for the
                  | Orb.
     0 | D:1      | Reached XP level 1. HP: 14/14 MP: 5/5
    42 | D:1      | Reached skill level 1 in Short Blades
   218 | D:1      | Reached XP level 2. HP: 20/20 MP: 7/7
   223 | D:1      | Learned a level 2 spell: Ensorcelled Hibernation
   616 | D:1      | Reached XP level 3. HP: 26/26 MP: 8/8
  1301 | D:2      | Learned a level 3 spell: Confusing Touch
  2016 | D:3      | Reached XP level 4. HP: 33/33 MP: 8/10
  2248 | D:3      | Found Rore's General Store.
  2256 | D:3      | Identified a scroll of acquirement
  2261 | D:3      | Acquired 917 gold pieces
  2263 | D:3      | Bought a scroll of fog for 56 gold pieces
  2263 | D:3      | Bought a potion of curing for 42 gold pieces
  2263 | D:3      | Bought a potion of attraction for 42 gold pieces
  2263 | D:3      | Bought a scroll of revelation for 105 gold pieces
  2263 | D:3      | Bought a scroll of teleportation for 42 gold pieces
  2263 | D:3      | Bought a ring of protection from cold for 350 gold pieces
  2329 | D:3      | Reached XP level 5. HP: 37/38 MP: 11/13
  2863 | D:4      | Reached XP level 6. HP: 20/46 MP: 7/15
  3029 | D:4      | Reached skill level 1 in Fighting
  3029 | D:4      | Reached skill level 2 in Short Blades
  3375 | D:4      | Reached XP level 7. HP: 53/53 MP: 12/16
  3400 | D:4      | Noticed a fire elemental
  3404 | D:4      | Noticed a water elemental
  3404 | D:4      | Noticed an air elemental
  3557 | D:4      | Reached skill level 3 in Short Blades
  3652 | D:5      | Entered Level 5 of the Dungeon
  3661 | D:5      | Noticed Eustachio
  3685 | D:5      | Killed Eustachio
  3973 | D:5      | Found a staircase to the Ecumenical Temple.
  4124 | D:5      | Reached skill level 5 in Stealth
  4152 | D:5      | Noticed Grinder
  4160 | D:5      | Reached skill level 4 in Short Blades
  4179 | D:5      | Killed Grinder
  4180 | D:5      | Reached XP level 8. HP: 41/63 MP: 17/17
  4579 | D:6      | Noticed Blork the orc
  4600 | D:6      | Killed Blork the orc
  4601 | D:6      | Reached skill level 5 in Short Blades
  4726 | D:6      | Found Daat's General Store.
  4910 | D:6      | Reached skill level 6 in Short Blades
  4955 | D:6      | Found a glowing drain.
  4960 | Sewer    | Entered a sewer
  5565 | D:6      | Noticed a manticore
  5580 | D:6      | Slain by a manticore

Illustrated notes

Levels and vault maps discovered:
D:1:      heliophobic_arrival_battle_scene, layout_loops_cross,
          chequers_ecumenical_altar_grove
D:2:      layout_basic, serial_park_tiny_1, minmay_pentomino_q2
D:3:      layout_basic, serial_shops, nicolae_shop_tiny_statue_garden,
          hangedman_glass_teeth
D:4:      layout_loops_ring, nicolae_qazlal_style_of_elements,
          gammafunk_temple_overflow_wave, minmay_misc_feat_more_columns,
          minmay_manual_mess
D:5:      layout_loops_ring, nicolae_elyvilon_peaceful_grove, temple_fountains,
          serial_bayou, serial_bayou_pond_c, serial_bayou_pond_d,
          serial_bayou_lake_a, serial_bayou_pond_a, uniq_eustachio, uniq_grinder
D:6:      kennysheep_windowed_halls, layout_layer_cave, serial_shops, shop,
          mainiacjoe_sewer_entry_somewhere_in_here_1, uniq_blork_the_orc

Skill      XL: |  1  2  3  4  5  6  7  8 |
---------------+-------------------------+-----
Short Blades   | 1 2 4 6 |  6.9
Dodging        | 2 3 4 |  4.0
Spellcasting   | 2 3 4 |  4.0
Hexes          | 3 4 |  4.0
Stealth        | 3 4 5 |  5.0
Fighting       | 1 3 4 |  4.7

Action                     |  1- 3 |  4- 6 |  7- 9 || total
---------------------------+-------+-------+-------++-------
  Melee: Dagger            |   142 |   141 |   252 ||   535
   Cast: Ensorcelled Hiber |    12 |    30 |    66 ||   108
         Confusing Touch   |       |     1 |     7 ||     8
    Use: Scroll            |       |     9 |       ||     9
   Stab: Sleeping          |    14 |    22 |    33 ||    69
         Confused          |       |     2 |     6 ||     8
         Distracted        |       |       |     1 ||     1
 Armour: Robe              |    67 |    57 |    91 ||   215
  Dodge: Dodged            |    74 |    56 |   134 ||   264

Table legend: (Time is in decaauts)
 A = Elapsed time spent in this place.
 B = Non-inter-level travel time spent in this place.
 C = Inter-level travel time spent in this place.
 D = Time resting spent in this place.
 E = Time spent auto-exploring this place.
 F = Levels seen in this place.
 G = Mean time per level.
                   A        B        C        D        E       F      G
               +--------+--------+--------+--------+--------+-----+--------+
         Total |   5428 |   5239 |    189 |    183 |   3678 |   7 |  775.4 |
       Dungeon |   4984 |   4795 |    189 |    183 |   3402 |   6 |  830.7 |
         Sewer |    443 |    443 |      0 |      0 |    275 |   1 |  443.0 |
               +--------+--------+--------+--------+--------+-----+--------+

Top non-repeatable levels by time:
     D:2: 1053 daAuts
     D:5: 1024 daAuts
     D:1: 957 daAuts
     D:4: 926 daAuts
     D:3: 625 daAuts
   Sewer: 443 daAuts
     D:6: 397 daAuts
